 Dungeon Crawl Stone Soup version 0.31.0-9-g3a7656b989 (webtiles) character file.

Game seed: 708533127818172424

13 qw the Shooter (level 2, -1/14 HPs)
             Began as a Spriggan Hunter on Feb 2, 2024.
             Succumbed to a goblin's poison
             ... on level 1 of the Dungeon.
             The game lasted 00:00:00 (274 turns).

qw the Shooter (Spriggan Hunter)                     Turns: 274, Time: 00:00:00

Health: -1/14      AC:  2    Str:  7    XL:     2   Next: 24%
Magic:  3/3        EV: 19    Int: 10    God:
Gold:   18         SH:  0    Dex: 18    Spells: 1/1 levels left

rFire   . . .        a - +0 shortbow
rCold   . . .        (shield currently unavailable)
rNeg    . . .        c - +0 robe
rPois   .            (helmet restricted)
rElec   .            (no cloak)
rCorr   .            (gloves unavailable)
SInv    +            (boots unavailable)
Will    .....        (no amulet)
Stlth   ++           (no ring)
HPRegen 0.22/turn    (no ring)
MPRegen 0.08/turn

%: no passive effects
@: lethally poisoned (-1 -> -12), very quick
A: very small, no large weapons, unfitting armour, see invisible, speed 3
a: no special abilities


You were on level 1 of the Dungeon.
You visited 1 branch of the dungeon, and saw 1 of its levels.

You collected 18 gold pieces.


Innate Abilities, Weirdness & Mutations

You are very small and have problems with some larger weapons.
You are too small for most types of armour.
You have supernaturally acute eyesight. (SInv)
You cover ground extremely quickly. (Speed+++)


   Skills:
 - Level 1.5 Fighting
 + Level 4.0 Ranged Weapons
 - Level 4.0 Dodging
 - Level 1.5 Stealth


You had one spell level left.
You didn't know any spells.
Your spell library was empty.

Inventory:

Hand Weapons
 a - a +0 shortbow (weapon)
Armour
 c - a +0 robe (worn)
Jewellery
 d - a ring of positive energy
Scrolls
 b - a scroll of butterflies
 e - a scroll of fog {unknown}
Potions
 f - a potion of magic {unknown}

Dungeon Overview and Level Annotations

Branches:
Dungeon (1/15)

Altars:


Message History

You kill the bat!
You shoot an arrow. The arrow barely misses the rat.
The kobold throws a stone.
The stone misses you.
You shoot an arrow. The arrow hits the rat!
You kill the rat!
You shoot an arrow. The arrow hits the kobold.
You kill the kobold!
You see here a bat corpse.
e - a scroll labelled TAWATT FANENYL
f - a brown potion You open the door.
There is an open door here.
You open the door.
There is an open door here.
A hobgoblin comes into view.
You shoot an arrow. The arrow hits the hobgoblin!
You kill the hobgoblin!
Your Dodging skill increases to level 4!
You open the door.
There is an open door here.
A goblin comes into view. It is wielding a +1 dagger of venom.
You shoot an arrow.
The arrow hits the goblin but does no damage.
You shoot an arrow. The arrow closely misses the goblin.
You shoot an arrow. The arrow barely misses the goblin.
The goblin hits you but does no damage.
You are poisoned.
You shoot an arrow. The arrow hits the goblin.
The goblin is heavily wounded.
You feel very sick. The goblin closely misses you.
You shoot an arrow. The arrow misses the goblin.
You feel sick. The goblin closely misses you.
The goblin hits you with a +1 dagger of venom.
You are more poisoned.
You shoot an arrow. The arrow closely misses the goblin.
You feel very sick. The goblin closely misses you.
You shoot an arrow. The arrow closely misses the goblin.
You die...

### #########.#
..#.......#
#.#.#####.# #.#.# #@#
##### #.#'### #g#
....# #.....# ...
#...# #.....##....
#...####.....##.....
.............++......
###.####.....##.......
..#.# #.....##........
#'#'####.#......


You could see a goblin.

Vanquished Creatures
  2 bats (D:1)
  An endoplasm (D:1)
  A giant cockroach (D:1)
  2 hobgoblins (D:1)
  2 kobolds (D:1)
  A ball python (D:1)
  A goblin (D:1)
  A rat (D:1)
11 creatures vanquished.

Notes
Turn   | Place    | Note
-------+----------+-------------------------------------------
     0 | D:1      | qw the Spriggan Hunter began the quest for the Orb.
     0 | D:1      | Reached XP level 1. HP: 10/10 MP: 2/2
     0 | D:1      | 0 ||| qw: Version: 0.3-a-155-g5e7d8dd
     0 | D:1      | 0 ||| qw: Game counter: 1890
     0 | D:1      | 0 ||| qw: Melee chars always use a shield: true
     0 | D:1      | 0 ||| qw: God list: Okawaru
     0 | D:1      | 0 ||| qw: Allow faded altars: false
     0 | D:1      | 0 ||| qw: Do Orc after clearing Dungeon:15 true
     0 | D:1      | 0 ||| qw: Do second Lair branch before Depths: true
     0 | D:1      | 0 ||| qw: Lair rune preference: random
     0 | D:1      | 0 ||| qw: Goals: Normal
     0 | D:1      | 0 ||| PLANNING D:1-11
    18 | D:1      | Reached skill level 3 in Dodging
   216 | D:1      | Reached XP level 2. HP: 14/14 MP: 3/3
   273 | D:1      | HP: 1/14 [poisoned by a goblin]
   274 | D:1      | Succumbed to a goblin's poison

Levels and vault maps discovered:
D:1:      matt_arrival_grand_opening, layout_basic, columned_hall_lemuel

Skill      XL: |  1  2 |
---------------+-------+-----
Dodging        | 3 4 |  4.0
Fighting       | |  1.5
Ranged Weapons | |  4.0
Stealth        | |  1.5

Action                     || total
---------------------------++-------
   Fire: Shortbow          ||    24
 Armour: Robe              ||     3
  Dodge: Dodged            ||     4

Table legend:
 A = Non-vault XP
 B = Vault XP
 C = Vault XP percentage of total XP
 D = Non-vault monster count
 E = Vault monster count
 F = Vault count percentage of total count
                 A         B        C        D         E       F
            +---------+---------+-------+---------+---------+-------
      Total |      19 |       0 |   0.0 |      11 |       0 |   0.0
            +---------+---------+-------+---------+---------+-------
        D:1 |      19 |       0 |   0.0 |      11 |       0 |   0.0
            +---------+---------+-------+---------+---------+-------
